 Dungeon Crawl Stone Soup version 0.29-a0-334-gb41bcbb86e (webtiles) character file.

Game seed: 14788479479349233017

14947 RepHenryClay the Tainter (level 12, -12/66 HPs)
             Began as an Octopode Venom Mage on Apr 15, 2022.
             Was a Priest of Vehumet.
             Mangled by a komodo dragon (13 damage)
             ... while petrified by a basilisk
             ... on level 11 of the Dungeon.
             The game lasted 00:40:21 (17075 turns).

RepHenryClay the Tainter (Octopode Venom Mage)     Turns: 17075, Time: 00:40:22

Health: -12/66     AC:  1    Str:  8    XL:     12   Next: 21%
Magic:  13/21      EV:  2    Int: 19    God:    Vehumet [***...]
Gold:   627        SH:  0    Dex: 15    Spells: 10/23 levels left

rFire   . . .      SeeInvis .   a - +9 falchion "Sazeok" {spect, Will+}
rCold   . . .      Faith    .   (no shield)
rNeg    + + +      Spirit   .   (helmet restricted)
rPois   ∞          Reflect  .   (no amulet)
rElec   .          Harm     .   w - ring of poison resistance
rCorr   +          Rampage  .   u - ring of resist corrosion
Will    +....                   (no ring)
Stlth   +++.......              (no ring)
HPRegen 0.21/turn               (no ring)
MPRegen 0.17/turn               (no ring)
                                (no ring)
                                (no ring)

@: petrified
A: almost no armour, amphibious, 8 rings, camouflage 1, gelatinous body 1,
(nimble swimmer 1), tentacles
a: Renounce Religion


You were on level 11 of the Dungeon.
You worshipped Vehumet.
Vehumet was most pleased with you.
You visited 2 branches of the dungeon, and saw 12 of its levels.
You also visited: Sewer.

You collected 887 gold pieces.
You spent 260 gold pieces at shops.

Inventory:

Hand Weapons
 a - the +9 falchion "Sazeok" (weapon) {spect, Will+}
   (You found it on level 9 of the Dungeon)

   When its wielder attacks, the weapon's spirit leaps out and strikes again.
   The spirit shares a part of any damage it takes with its wielder.
   Will:      It increases your willpower.
 f - a +2 whip of flaming
 r - a +0 dagger of pain
 C - the +5 mace of the Six Violins {spect, rElec rC+}
   (You found it on level 3 of the Dungeon)

   When its wielder attacks, the weapon's spirit leaps out and strikes again.
   The spirit shares a part of any damage it takes with its wielder.
   rC:        It protects you from cold.
   rElec:     It insulates you from electricity.
Missiles
 b - 23 poisoned darts (quivered)
 q - 4 javelins
 t - 2 atropa-tipped darts
 y - a curare-tipped dart
 D - 3 datura-tipped darts
Jewellery
 u - a ring of resist corrosion (right tentacle)
 w - a ring of poison resistance (left tentacle)
Wands
 x - a wand of paralysis (8)
Scrolls
 d - 5 scrolls of amnesia
 j - 3 scrolls of immolation
 m - 2 scrolls of enchant weapon
 n - 2 scrolls of magic mapping
 o - 2 scrolls of enchant armour
 p - 3 scrolls of fog
 s - 4 scrolls of teleportation
 v - 2 scrolls of identify {@r1}
 B - 2 scrolls of blinking
 E - a scroll of fear
Potions
 c - 6 potions of curing
 e - a potion of lignification
 g - a potion of magic
 h - 2 potions of resistance
 i - a potion of mutation
 k - 7 potions of flight
 l - 2 potions of ambrosia
 z - a potion of brilliance
 A - a potion of invisibility
 F - 2 potions of might


   Skills:
 + Level 10.6 Dodging
 - Level 2.6 Stealth
 + Level 6.4 Spellcasting
 + Level 8.8 Conjurations
 - Level 1.0 Transmutations
 - Level 7.4 Air Magic
 - Level 12.4 Poison Magic


You had 10 spell levels left.
You knew the following spells:

 Your Spells              Type           Power      Damage    Failure   Level
a - Sting                 Tmut/Pois      100%       1d8       1%          1
b - Poisonous Vapours     Pois/Air       86%        N/A       1%          2
c - Mephitic Cloud        Conj/Pois/Air  42%        N/A       1%          3
d - Olgreb's Toxic Radia  Pois           52%        N/A       1%          4
e - Shock                 Conj/Air       100%       1d9       1%          1
f - Static Discharge      Conj/Air       37%        N/A       1%          2

Your spell library contained the following spells:

 Spells                   Type           Power      Damage    Failure   Level
 Hailstorm                Conj/Ice       23%        3d7       4%          4
 Conjure Flame            Conj/Fire      23%        6-21      1%          3
 Inner Flame              Hex/Fire       6%         N/A       9%          3
 Irradiate                Conj/Tmut      12%        3d17      11%         5
 Sublimation of Blood     Necr           6%         N/A       16%         2
 Call Canine Familiar     Summ           6%         N/A       32%         3
 Portal Projectile        Hex/Tloc       12%        N/A       32%         3
 Tukima's Dance           Hex            6%         N/A       32%         3
 Petrify                  Tmut/Erth      8%         N/A       65%         4
 Anguish                  Hex/Necr       3%         N/A       71%         4
 Cause Fear               Hex            3%         N/A       71%         4
 Leda's Liquefaction      Hex/Erth       3%         N/A       71%         4
 Enfeeble                 Hex            3%         N/A       100%        7
 Discord                  Hex            3%         N/A       100%        8
 Fire Storm               Conj/Fire      11%        8d3       100%        9


Dungeon Overview and Level Annotations

Branches:
Dungeon (11/15)            Temple (1/1) D:6            Lair (0/6) D:11
  Sewer (visited)
    Orc: D:9-12

Altars:
Ashenzari
Elyvilon
Fedhas
Hepliaklqana
Nemelex Xobeh
Okawaru
Sif Muna
Trog
Vehumet

Shops:
D:1 =   D:6 *??!=

Annotations:
D:6 4 runed translucent doors, Eustachio
D:8 unfinished


Innate Abilities, Weirdness & Mutations

You cannot wear most types of armour.
You are amphibious.
You can wear up to eight rings at the same time.
Your skin changes colour to match your surroundings (Stealth+).
Your rubbery body absorbs attacks. (AC +1, EV +1)
((You are camouflaged when in or above water. (Stealth+)))
You have tentacles for arms and can constrict up to eight enemies at once.


Message History

The stinking cloud engulfs the basilisk but does no damage.
The basilisk is almost dead.
The stinking cloud engulfs the kobold brigand but does no damage.
The kobold brigand is heavily wounded.
The stinking cloud engulfs you but does no damage.
You hear an angry hiss.
The kobold brigand hits you from afar with a +0 trident.
The komodo dragon is engulfed in noxious fumes.
The komodo dragon barely misses you.
The basilisk is engulfed in noxious fumes.
The basilisk appears confused.
The basilisk bites itself!
The basilisk is killed!
Vehumet accepts your kill.
You feel your power returning. The kobold brigand barely misses you.
Your limbs are stiffening.
Damage: -3%(-2hp) hp: 46%(30hp) Unknown command.
Casting: Mephitic Cloud (safe; 1% risk of failure)
Confirm with . or Enter, or press ? or * to list all spells.
You begin to radiate toxic energy.
The kobold brigand looks even sicker.
The komodo dragon looks even sicker.
The kobold brigand looks even sicker.
The komodo dragon looks as sick as possible!
The komodo dragon is engulfed in noxious fumes.
The komodo dragon appears confused.
The kobold brigand hits you from afar with a +0 trident!
* * * LOW HITPOINT WARNING * * *
The komodo dragon is engulfed in noxious fumes.
The komodo dragon appears confused.
You have turned to stone.
The komodo dragon looks as sick as possible!
Your toxic aura wanes.
The kobold brigand hits you from afar with a +0 trident.
* * * LOW HITPOINT WARNING * * *
The komodo dragon is engulfed in noxious fumes.
The komodo dragon appears confused.
The komodo dragon bites you!!
* * * LOW HITPOINT WARNING * * *
The kobold brigand hits you from afar with a +0 trident!
* * * LOW HITPOINT WARNING * * *
The komodo dragon is engulfed in noxious fumes.
The komodo dragon bites you!!
You die...

....## #..# ....#. .#..
..... ... ... ....###)) ..#
#...... ..... .. ...).
..... . #°K# #...# # ##
#☼l#######.⌠.#######
#..#°@#..#..#...#..#..#
#........#.........#...
##......###.......###..
........###......###......#
....... #........#.....[..
.##....#.
#..#†.#..#..#).#..
......#######..#######..###
#....#..#..#..#.(#).#..#..
#..†....#........#........


You could see a komodo dragon (confused, extremely poisoned) and a kobold
brigand (very poisoned).

Vanquished Creatures
  2 centaur warriors
  A two-headed ogre (D:11)
  A death knight (D:11)
  2 boulder beetles (D:11)
  An orc knight (D:11)
  A cyclops (D:11)
  2 manticores (D:11)
  2 gargoyles
  Psyche (D:11)
  A troll (D:11)
  2 hornets
  2 centaur simulacra (D:11)
  2 shadows (D:11)
  A wraith (D:11)
  A spriggan (shapeshifter) (D:11)
  2 vampires
  2 wyverns
  2 basilisks (D:11)
  11 yaks
  A steam dragon (D:7)
  An acid dragon (D:10)
  A water moccasin (D:7)
  3 sky beasts
  4 orc warriors
  A black bear (D:6)
  An ogre (D:5)
  7 centaurs
  2 phantoms
  A kobold brigand (D:8)
  A gnoll sergeant (D:9)
  2 scorpions
  2 bullfrogs
  A necrophage (D:8)
  A water moccasin zombie (D:4)
  10 wights
  25 killer bees
  An electric eel (D:11)
  5 howler monkeys
  A bullfrog zombie (D:4)
  A jelly (D:5)
  7 orc priests
  A hound (D:6)
  A bullfrog skeleton (D:4)
  7 iguanas
  2 scorpion zombies (D:4)
  10 orc wizards
  2 hound zombies (D:4)
  7 gnolls
  9 adders
  5 river rats (Sewer)
  2 shadow imps
  2 white imps
  4 ufetubi
  An adder skeleton (D:4)
  5 adder zombies (D:4)
  5 worms
  5 dart slugs
  36 orcs
  15 ball pythons
  8 endoplasms
  2 giant cockroaches (D:3)
  4 goblins
  4 hobgoblins
  9 jackals
  13 kobolds
  5 quokkas
  7 bats
  5 frilled lizards
  A quokka zombie (D:4)
  10 rats
305 creatures vanquished.

Vanquished Creatures (others)
  A boulder beetle (D:11)
  An orc wizard (D:7)
  An orc (D:7)
3 creatures vanquished.

Grand Total: 308 creatures vanquished

Notes
Turn   | Place    | Note
-------+----------+-------------------------------------------
     0 | D:1      | RepHenryClay the Octopode Venom Mage began the quest for
                  | the Orb.
     0 | D:1      | Reached XP level 1. HP: 11/11 MP: 3/3
    63 | D:1      | Reached skill level 4 in Poison Magic
   159 | D:1      | Reached XP level 2. HP: 16/17 MP: 0/5
   470 | D:1      | You fall into a shaft and drop 1 floor!
   795 | D:1      | Found a faded altar of an unknown god.
   931 | D:1      | Got Ymnus's Tome of Fiery Unholy Secrets
  1165 | D:1      | Found Ubrinlayde's Jewellery Boutique.
  1315 | D:2      | Reached skill level 5 in Poison Magic
  1315 | D:2      | Reached XP level 3. HP: 21/21 MP: 3/6
  1443 | D:2      | Learned a level 2 spell: Poisonous Vapours
  1447 | D:2      | Learned a level 3 spell: Mephitic Cloud
  1818 | D:2      | Reached skill level 1 in Air Magic
  2711 | D:2      | Reached XP level 4. HP: 23/27 MP: 3/7
  2856 | D:3      | Identified the +5 mace of the Six Violins {spect, rElec
                  | rC+}
  2955 | D:3      | Found a glowing drain.
  2984 | Sewer    | Entered a sewer
  3255 | Sewer    | Reached XP level 5. HP: 31/31 MP: 9/9
  3268 | Sewer    | Learned a level 4 spell: Olgreb's Toxic Radiance
  3430 | Sewer    | Reached skill level 6 in Poison Magic
  3912 | D:3      | Reached XP level 6. HP: 27/36 MP: 5/10
  5159 | D:4      | Reached skill level 7 in Poison Magic
  5159 | D:4      | Reached XP level 7. HP: 41/41 MP: 4/13
  5533 | D:4      | Found a white marble altar of Elyvilon.
  5771 | D:5      | Entered Level 5 of the Dungeon
  6185 | D:5      | Reached skill level 8 in Poison Magic
  6415 | D:5      | Reached XP level 8. HP: 32/46 MP: 7/14
  6926 | D:5      | Reached skill level 5 in Dodging
  7049 | D:1      | Bought a ring of poison resistance for 240 gold pieces
  7629 | D:6      | Found Abafyxzye's Magic Scroll Shoppe.
  7637 | D:6      | Bought a scroll of identify for 20 gold pieces
  7651 | D:6      | Found Ugoonkidd's Magic Scroll Emporium.
  7680 | D:6      | Reached skill level 9 in Poison Magic
  7801 | D:6      | Found a staircase to the Ecumenical Temple.
  7829 | Temple   | Entered the Ecumenical Temple
  7880 | Temple   | Became a worshipper of Vehumet
  7910 | D:6      | Found Vaorchar's Distillery.
  7962 | D:6      | Found Vinoraohib's Jewellery Boutique.
  8006 | D:6      | Found a large runed translucent door.
  8008 | D:6      | Found a large runed translucent door.
  8010 | D:6      | Noticed a yak
  8012 | D:6      | Noticed Eustachio
  8121 | D:6      | Noticed a wyvern
  8128 | D:6      | Killed a wyvern
  8359 | D:6      | Found a large runed translucent door.
  8359 | D:6      | Found a large runed translucent door.
  8369 | D:6      | Found Yriasi's Assorted Antiques.
  8373 | D:6      | Noticed a yak
  8374 | D:6      | Noticed a yak
  8375 | D:6      | Noticed a yak
  8375 | D:6      | Noticed a yak
  8378 | D:6      | Noticed a yak
  8384 | D:6      | Killed a yak
  8385 | D:6      | Reached skill level 10 in Poison Magic
  8385 | D:6      | Killed a yak
  8386 | D:6      | Reached XP level 9. HP: 51/51 MP: 3/15
  8665 | D:6      | Reached skill level 11 in Poison Magic
  9373 | D:7      | Reached * piety under Vehumet
  9373 | D:7      | Offered knowledge of Shock by Vehumet.
  9530 | D:7      | Reached skill level 12 in Poison Magic
  9728 | D:7      | Noticed a hornet
  9732 | D:7      | Killed a hornet
  9733 | D:7      | Reached XP level 10. HP: 56/56 MP: 8/16
 10615 | D:8      | Learned a level 1 spell: Shock
 10770 | D:8      | Reached skill level 1 in Conjurations
 12443 | D:9      | Offered knowledge of Freeze by Vehumet.
 12447 | D:9      | Identified the +9 falchion "Sazeok" {spect, Will+}
 12601 | D:9      | Reached ** piety under Vehumet
 12608 | D:9      | Reached skill level 5 in Air Magic
 13146 | D:9      | Reached skill level 5 in Conjurations
 13425 | D:9      | Noticed a centaur warrior
 13435 | D:9      | Killed a centaur warrior
 13436 | D:9      | Reached XP level 11. HP: 48/61 MP: 9/17
 13973 | D:10     | Entered Level 10 of the Dungeon
 14664 | D:10     | Offered knowledge of Static Discharge by Vehumet.
 15155 | D:11     | Found a staircase to the Lair.
 15160 | D:11     | Noticed Psyche
 15265 | D:11     | Learned a level 2 spell: Static Discharge
 15288 | D:11     | Noticed a cyclops
 15353 | D:11     | Killed a boulder beetle
 15359 | D:11     | Noticed a seven-headed hydra
 15372 | D:11     | Killed a cyclops
 15501 | D:11     | Killed Psyche
 15794 | D:11     | Noticed a two-headed ogre
 15822 | D:11     | Killed a two-headed ogre
 16036 | D:11     | Noticed an orc knight
 16036 | D:11     | Identified the +2 rapier "Buciosm" {vorpal, Str-2 Int+5
                  | SInv}
 16061 | D:11     | Killed an orc knight
 16062 | D:11     | Reached skill level 5 in Spellcasting
 16137 | D:11     | Noticed a manticore
 16146 | D:11     | Killed a manticore
 16146 | D:11     | Reached *** piety under Vehumet
 16305 | D:11     | Noticed a boulder beetle
 16311 | D:11     | Noticed a boulder beetle
 16320 | D:11     | Killed a boulder beetle
 16323 | D:11     | Killed a boulder beetle
 16324 | D:11     | Reached skill level 10 in Dodging
 16622 | D:11     | Noticed a centaur warrior
 16637 | D:11     | Killed a centaur warrior
 16638 | D:11     | Reached XP level 12. HP: 28/66 MP: 12/21
 16660 | D:11     | Noticed a death knight
 16934 | D:11     | Killed a death knight
 17068 | D:11     | Offered knowledge of Hailstorm by Vehumet.
 17075 | D:11     | HP: 1/66 [kobold brigand/+0 trident (7)]
 17075 | D:11     | Mangled by a komodo dragon

Illustrated notes

Levels and vault maps discovered:
D:1:      dpeg_arrival_tiny_i, layout_basic, serial_shops,
          nicolae_lakefront_shop, shapermc_ecumenical_altar_petra
D:2:      layout_basic, nrook_mini_vaults, minmay_rat_gold_closets
D:3:      layout_loops_ring, portal_sewer_entry_a, nrook_mini_backslash,
          nicolae_elevator_lobby_asterisk
D:4:      layout_basic, nicolae_elyvilon_peaceful_grove, serial_undead,
          serial_undead_a, serial_undead_e, serial_undead_b, serial_undead_e,
          serial_undead_a, serial_undead_d, serial_undead_c
D:5:      layout_basic
D:6:      layout_basic, minmay_temple_entry_butterflies, serial_shops,
          nicolae_lakefront_shop, nicolae_shop_window_shopping, shop,
          shop_fountains, shop, minmay_hollow_rounded_squares, uniq_eustachio
D:7:      layout_layer_cave
D:8:      layout_basic
D:9:      minmay_evil_eye, layout_irregular_city,
          amcnicky_mini_rare_corridor_liquid
D:10:     layout_loops_ring
D:11:     hangedman_cross_cluster, layout_long_grid, serial_ice, serial_ice_l,
          serial_ice_d, serial_ice_a, serial_ice_g,
          nicolae_trove_entry_diagonal, lemuel_nasty_fountain, uniq_psyche
Temple:   mainiacjoe_temple_circle_huts

Skill      XL: |  1  2  3  4  5  6  7  8  9 10 11 |
---------------+----------------------------------+-----
Poison Magic   | 4 5 6 7 8 10 12 | 12.4
Air Magic      | 2 6 7 |  7.4
Spellcasting   | 3 4 6 |  6.4
Dodging        | 4 6 9 10 | 10.6
Conjurations   | 6 8 |  8.8
Stealth        | |  2.6
Transmutations | |  1.0

Action                   |  1- 3 |  4- 6 |  7- 9 | 10-12 || total
-------------------------+-------+-------+-------+-------++-------
Melee: Unarmed           |     7 |     8 |       |       ||    15
       Constrict         |     4 |    19 |    11 |     9 ||    43
       Tentacles         |     1 |    10 |    14 |    16 ||    41
       Mace              |       |    48 |    51 |     7 ||   106
       Falchion          |       |       |       |    47 ||    47
       Punch             |       |       |       |     2 ||     2
Throw: Dart              |       |     5 |       |       ||     5
 Cast: Sting             |    66 |    59 |   101 |    61 ||   287
       Poisonous Vapours |     5 |     4 |    22 |    65 ||    96
       Mephitic Cloud    |       |     3 |     8 |    11 ||    22
       Olgreb's Toxic Ra |       |     6 |    11 |    26 ||    43
       Shock             |       |       |       |   103 ||   103
       Static Discharge  |       |       |       |     7 ||     7
Evoke: Wand              |       |       |       |    11 ||    11
  Use: Scroll            |     6 |     5 |     3 |     5 ||    19
       Potion            |       |     1 |     1 |     2 ||     4
 Stab: Sleeping          |       |     3 |       |     1 ||     4
       Confused          |       |     1 |       |     1 ||     2
       Distracted        |       |     1 |       |       ||     1
       Paralysed         |       |       |       |    14 ||    14
Armor: Skin              |     5 |     6 |     4 |     5 ||    20
Dodge: Dodged            |    28 |    68 |    69 |   146 ||   311

Table legend: (Time is in decaauts)
 A = Elapsed time spent in this place.
 B = Non-inter-level travel time spent in this place.
 C = Inter-level travel time spent in this place.
 D = Time resting spent in this place.
 E = Time spent auto-exploring this place.
 F = Levels seen in this place.
 G = Mean time per level.
                   A        B        C        D        E       F      G
               +--------+--------+--------+--------+--------+-----+--------+
         Total |  17153 |  16032 |   1121 |   1680 |  11860 |  13 | 1319.5 |
       Dungeon |  16391 |  15287 |   1104 |   1680 |  11309 |  11 | 1490.1 |
        Temple |     68 |     51 |     17 |      0 |     36 |   1 |   68.0 |
         Sewer |    692 |    692 |      0 |      0 |    515 |   1 |  692.0 |
               +--------+--------+--------+--------+--------+-----+--------+

Top non-repeatable levels by time:
    D:11: 1770 daAuts
     D:6: 1752 daAuts
     D:2: 1748 daAuts
     D:5: 1675 daAuts
     D:9: 1668 daAuts
     D:7: 1646 daAuts
     D:3: 1405 daAuts
     D:8: 1324 daAuts
    D:10: 1256 daAuts
     D:1: 1149 daAuts
     D:4: 995 daAuts
   Sewer: 692 daAuts
  Temple: 68 daAuts
